 Dungeon Crawl Stone Soup version 0.27.1-33-g824d729ab1 (webtiles) character file.

Game seed: 17442293138867511570

21 Urokeeper the Vexing (level 2, -1/19 HPs)
             Began as a Vampire Enchanter on Dec 21, 2021.
             Frozen to death by an endoplasm (5 damage)
             ... on level 1 of the Dungeon.
             The game lasted 00:01:57 (904 turns).

Urokeeper the Vexing (Vampire Enchanter)             Turns: 904, Time: 00:01:58

Health: -1/19      AC:  3    Str:  7    XL:     2   Next: 62%
Magic:  5/5        EV: 11    Int: 17    God:
Gold:   42         SH:  5    Dex: 14    Spells: 5/6 levels left

rFire    . . .     SeeInvis +   a - +1 dagger
rCold    . . .     Faith    .   (no shield)
rNeg     . . .     Spirit   .   e - +0 leather armour
rPois    .         Reflect  +   (no helmet)
rElec    .         Harm     .   (no cloak)
rCorr    .         Rampage  .   (no gloves)
Will     .....                  (no boots)
Stlth    ++........             c - amulet of reflection
HPRegen  0.26/turn              (no ring)
MPRegen  0.09/turn              (no ring)

@: healing quickly
A: alive, fangs 3, see invisible, vampiric 1
a: Exsanguinate


You were on level 1 of the Dungeon.
You visited 1 branch of the dungeon, and saw 2 of its levels.

You collected 42 gold pieces.

Inventory:

Hand Weapons
 a - a +1 dagger (weapon)
Armour
 b - a +0 robe
 e - a +0 leather armour (worn)
Jewellery
 c - an amulet of reflection (around neck)
Scrolls
 g - a scroll of amnesia {unknown}
Potions
 d - a potion of brilliance {unknown}
 f - a potion of flight {unknown}


   Skills:
 - Level 1.1 Short Blades
 - Level 2.1 Dodging
 - Level 4.4 Stealth
 + Level 2.5 Spellcasting
 + Level 5.2 Hexes


You had 5 spell levels left.
You knew the following spells:

 Your Spells              Type           Power      Damage    Failure   Level
a - Corona                Hex            21%        N/A       3%          1

Your spell library contained the following spells:

 Spells                   Type           Power      Damage    Failure   Level
 Confusing Touch          Hex            19%        N/A       10%         3
 Tukima's Dance           Hex            19%        N/A       10%         3
 Ensorcelled Hibernation  Hex/Ice        22%        N/A       14%         2
 Dazzling Flash           Conj/Hex       22%        N/A       28%         3
 Inner Flame              Hex/Fire       11%        N/A       28%         3
 Cause Fear               Hex            9%         N/A       32%         4
 Silence                  Hex/Air        5%         N/A       95%         5
 Agony                    Necr           2%         N/A       100%        5
 Discord                  Hex            9%         N/A       100%        8


Dungeon Overview and Level Annotations

Branches:
Dungeon (2/15)

Altars:


Innate Abilities, Weirdness & Mutations

Your natural rate of healing is accelerated.
You have razor-sharp teeth.
You have supernaturally acute eyesight. (SInv)
You are afflicted with vampirism.


Message History

You are frozen.
The hobgoblin barely misses you.
You are too injured to fight recklessly!
You are too injured to fight recklessly!
You are too injured to fight recklessly!
You are too injured to fight recklessly!
You are too injured to fight recklessly!
You are too injured to fight recklessly!
You are too injured to fight recklessly!
You are too injured to fight recklessly!
You are too injured to fight recklessly!
You are too injured to fight recklessly!
You are too injured to fight recklessly!
You are too injured to fight recklessly!
You are too injured to fight recklessly!
You are too injured to fight recklessly!
You are too injured to fight recklessly!
You are too injured to fight recklessly!
You are too injured to fight recklessly!
You are too injured to fight recklessly!
You are too injured to fight recklessly!
You are too injured to fight recklessly!
You are too injured to fight recklessly!
You are too injured to fight recklessly!
The bat barely misses you.
You hit the endoplasm.
The endoplasm is lightly wounded.
The endoplasm hits you.
You hit the endoplasm.
You bite the endoplasm, but do no damage.
The endoplasm is heavily wounded.
The endoplasm hits you.
* * * LOW HITPOINT WARNING * * *
You hit the endoplasm.
The endoplasm is severely wounded.
The endoplasm barely misses you.
You completely miss the endoplasm.
The endoplasm is severely wounded.
The endoplasm freezes you.
You are frozen.
You die...

#.# ### ### ... #
#.. ... #.# .# #
##.## #.# #.##.##.#
#... #.# #.......#
#..# #.# #.......#
#..####.# #.......#
#......@######.#
#.######Jg.....#
#...# #b......#
###.# #...........
##.## #...#........
##.#.###.......##..#
#.###.##.......# ..#
##.#.###.......# .#
##.## ####..... #


You could see an endoplasm, a hobgoblin and a bat.

Vanquished Creatures
  5 endoplasms
  A giant cockroach (D:2)
  2 goblins (D:1)
  3 hobgoblins
  2 kobolds
  A quokka (D:1)
  A ball python (D:1)
  A bat (D:2)
16 creatures vanquished.

Notes
Turn   | Place    | Note
-------+----------+-------------------------------------------
     0 | D:1      | Urokeeper the Vampire Enchanter began the quest for the
                  | Orb.
     0 | D:1      | Reached XP level 1. HP: 13/13 MP: 3/3
   162 | D:1      | You fall into a shaft and drop 1 floor!
   241 | D:2      | Reached XP level 2. HP: 19/19 MP: 5/5
   534 | D:2      | Reached skill level 5 in Hexes
   904 | D:1      | Frozen to death by an endoplasm

Illustrated notes

Levels and vault maps discovered:
D:1:      dpeg_arrival_simpleton_b, layout_loops_cross,
          ebering_ecumenical_altar_hall
D:2:      layout_loops_corners, uniq_sigmund

Skill      XL: |  1  2 |
---------------+-------+-----
Hexes          | 5 |  5.2
Short Blades   | |  1.1
Dodging        | |  2.1
Stealth        | |  4.4
Spellcasting   | |  2.5

Action                   || total
-------------------------++-------
Melee: Dagger            ||    84
       Bite              ||     6
 Stab: Sleeping          ||     4
Armor: Robe              ||     3
       Leather armour    ||    10
Dodge: Dodged            ||    37
Block: Other             ||    15
